 Dungeon Crawl Stone Soup version 0.25.1-9-gc5326a611f (webtiles) character file.

Game seed: 3635698174394503621

111 sankara the Covered (level 4, -2/41 HPs)
             Began as a Minotaur Fighter on Jan 1, 2021.
             Killed by nerve-wracking pain
             ... invoked by an orc priest
              (4 damage)
             ... on level 3 of the Dungeon.
             The game lasted 00:04:02 (2022 turns).

sankara the Covered (Minotaur Fighter)              Turns: 2022, Time: 00:04:02

Health: -2/41      AC:  8    Str: 20    XL:     4   Next: 62%
Magic:  3/3        EV:  7    Int:  5    God:
Gold:   76         SH:  9    Dex: 11    Spells: 3/3 levels left

rFire    . . .     SeeInvis .   a - +0 flail
rCold    . . .     Gourm    .   c - +0 kite shield
rNeg     . . .     Faith    .   b - +0 scale mail
rPois    .         Spirit   .   (helmet restricted)
rElec    .         Reflect  .   o - +0 cloak
rCorr    .         Harm     .   (no gloves)
MR       .....                  (no boots)
Stlth    ..........             (no amulet)
HPRegen  0.13/turn              (no ring)
MPRegen  0.08/turn              (no ring)

@: no status effects
A: retaliatory headbutt, horns 2
a: no special abilities


You were on level 3 of the Dungeon.
You were not hungry.

You visited 1 branch of the dungeon, and saw 3 of its levels.

You collected 76 gold pieces.

Inventory:

Hand Weapons
 a - a +0 flail (weapon)
 q - a cursed +0 hand axe
Missiles
 h - 101 stones (quivered)
 k - a throwing net
Armour
 b - a +0 scale mail (worn)
 c - a +0 kite shield (worn)
 o - a +0 cloak (worn)
Jewellery
 t - an uncursed ring of ice
Scrolls
 e - 2 scrolls of enchant weapon {unknown}
 j - a scroll of random uselessness {unknown}
 l - 2 scrolls of remove curse {unknown}
 m - 3 scrolls of identify {unknown}
 v - a scroll of fear {unknown}
 x - a scroll of enchant armour {unknown}
Potions
 d - a potion of might
 i - 2 potions of degeneration {unknown}
 n - a potion of flight {unknown}
 p - 2 potions of heal wounds {unknown}
 r - a potion of berserk rage {unknown}
 s - a potion of stabbing {unknown}
 u - a potion of magic {unknown}
 w - a potion of invisibility {unknown}
Comestibles
 f - 5 rations
 g - 10 chunks of flesh


   Skills:
 + Level 4.3 Fighting
 * Level 4.1 Maces & Flails
 + Level 4.4 Armour
 + Level 4.4 Shields


You had 3 spell levels left.
You didn't know any spells.
Your spell library was empty.

Dungeon Overview and Level Annotations

Branches:
Dungeon (3/15)

Altars:
Cheibriados


Innate Abilities, Weirdness & Mutations

You reflexively headbutt those who attack you in melee.
You have a pair of horns on your head.


Message History

The orc priest mumbles some strange prayers to Beogh against you.
Beogh smites you!
You are too injured to fight recklessly!
You are too injured to fight recklessly!
You sock the orc priest! Your headbutt misses the orc priest.
The orc priest is severely wounded.
The orc barely misses you.
The orc priest calls down the wrath of Beogh upon you.
Beogh smites you!
* * * LOW HITPOINT WARNING * * *
You block the orc's attack.
You closely miss the orc priest.
The orc priest is severely wounded.
The orc priest hits you with a +0 flail!
* * * LOW HITPOINT WARNING * * *
The orc barely misses you.
Unknown command.
The orc priest invokes the aid of Beogh against you.
Pain shoots through your body!
You die...

###+##......# ####+##......#
.#. #............# ..
#.......###### #.
####+####.......#
#.##...............#
#..#...............#
####.#....o[...).....#
#.........o.@<.).....#####
#.....###'#....####......####
#.....###.#.......+......'...
#......##o#.......#......####
#....#.##o#.......#......#
.'..####.##.#.......#......#
.##. #..#o##+#....#......# #
##.#o##.#....#......#
#...##.#....#......#


You could see an orc priest and an orc.

Vanquished Creatures
  4 adders (D:2)
  3 oozes
  A worm (D:2)
  3 dart slugs
  5 orcs
  2 bats
  2 giant cockroaches
  4 goblins
  7 hobgoblins
  4 jackals (D:3)
  3 frilled lizards
  6 kobolds
  5 rats
49 creatures vanquished.

Notes
Turn   | Place    | Note
-------+----------+-------------------------------------------
     0 | D:1      | sankara the Minotaur Fighter began the quest for the Orb.
     0 | D:1      | Reached XP level 1. HP: 19/19 MP: 0/0
    88 | D:1      | Reached XP level 2. HP: 11/27 MP: 1/1
   807 | D:2      | Reached XP level 3. HP: 33/33 MP: 2/2
  1074 | D:2      | Reached XP level 4. HP: 40/40 MP: 3/3
  1116 | D:2      | Found a snail-covered altar of Cheibriados.
  2021 | D:3      | HP: 2/41 [orc priest/+0 flail (9)]
  2022 | D:3      | Killed from afar by an orc priest

Illustrated notes

Levels and vault maps discovered:
D:1:      tarquinn_simple_flora_water_d, layout_rooms, minivault_11
D:2:      layout_rooms, kennysheep_slug_shrine
D:3:      layout_basic, first_ration

Skill      XL: |  1  2  3  4 |
---------------+-------------+-----
Maces & Flails | 3 4 |  4.1
Fighting       | 4 |  4.3
Armour         | 4 |  4.4
Shields        | 4 |  4.4

Action                   |  1- 3 |  4- 6 || total
-------------------------+-------+-------++-------
Melee: Flail             |    69 |    61 ||   130
       Headbutt          |    10 |    10 ||    20
  Eat: Chunk             |     1 |     3 ||     4
Armor: Scale mail        |    32 |    27 ||    59
Dodge: Dodged            |    24 |    20 ||    44
Block: Kite shield       |    35 |    41 ||    76
